Map: Discord IV

Players

fantasma - Winner!

  • Race: Protoss Protoss
  • Spawn Location: 9:00

Luc - Winner!

  • Race: Zerg Zerg
  • League: Platinum
  • Spawn Location: 11:00

HydraX

  • Race: Zerg Zerg
  • Spawn Location: 5:00

WinkyFace

  • Race: Terran Terran
  • League: Silver
  • Spawn Location: 5:00

VOD

Have the link to the VOD?

Description

Memecast war of attrition

Time

  • Played on: Aug. 11, 2018, 12:56 p.m.
  • Length: 16:53
Show
View Real Time Build Order
Export as new Build Order

fantasma Protoss - Winner!

Build Orders: Colossus Rush 

Get SALT Encoding   

  12  0:12  Probe  
  12  0:13  Pylon  
  12  0:20  Probe  
  14  0:30  Probe  
  15  0:35  Gateway  
  15  0:42  Assimilator  
  15  0:49  Assimilator  
  15  0:51  Probe  
  16  1:01  Probe  
  17  1:09  Probe  
  17  1:17  Probe  
  18  1:23  Cybernetics Core  
  19  1:30  Probe  
  20  1:42  Probe  
  21  1:48  Warp Gate  
  21  1:50  Pylon  
  21  1:54  Probe  
  22  2:02  Robotics Facility  
  22  2:06  Probe  
  23  2:12  Gateway  
  23  2:23  Gateway  
  23  2:36  Gateway  
  22  2:48  Probe  
  23  3:00  Probe  
  23  3:05  Robotics Bay  
  24  3:12  Probe  
  25  3:34  Pylon  
  25  3:40  Pylon  
  25  3:48  Colossus  
  25  3:53  Extended Thermal Lance  
  31  4:16  Pylon  
  31  4:18  Stalker  
  31  4:20  Stalker  
  35  4:25  Stalker  
  37  4:36  Stalker  
  39  4:44  Stalker  
  41  5:13  Stalker  
  43  5:14  Stalker  
  43  5:16  Stalker  
  43  5:17  Stalker  
  44  6:15  Colossus  
  29  6:29  Stalker  
  29  6:30  Stalker  
  29  6:32  Stalker  
  41  6:33  Stalker  
  43  6:53  Stalker  
  45  6:55  Stalker  
  47  7:04  Nexus  
  47  7:09  Stalker  
  47  7:11  Stalker  
  51  7:29  Pylon  
  51  7:43  Pylon  
  51  7:49  Pylon  
  29  8:43  Stalker  
  29  8:44  Stalker  
  29  8:45  Stalker  
  29  8:47  Stalker  
  33  9:52  Stalker  
  35  9:53  Stalker  
  35  9:56  Stalker  
  35  9:57  Stalker  
  41  10:12  Colossus  
  33  10:28  Stalker  
  31  10:42  Stalker  
  31  10:44  Stalker  
  31  10:45  Stalker  
  37  11:06  Stalker  
  37  11:08  Stalker  
  37  11:09  Stalker  
  43  11:11  Stalker  
  25  11:55  Colossus  
  25  12:00  Stalker  
  25  12:02  Stalker  
  25  12:04  Stalker  
  25  12:05  Stalker  
  37  12:34  Stalker  
  37  12:36  Stalker  
  40  12:47  Zealot  
  38  14:04  Colossus  
  38  14:17  Stalker  
  38  14:18  Stalker  
  38  14:20  Stalker  
  38  14:21  Stalker  
  46  14:57  Stalker  
Show
View Real Time Build Order
Export as new Build Order

Luc Zerg - Winner!

Build Orders: Hatch First, Swarm Host, Zergling Baneling 

Get SALT Encoding   

  12  0:02  Drone  
  13  0:12  Overlord  
  13  0:20  Drone  
  14  0:30  Drone  
  14  0:31  Drone  
  14  0:35  Drone  
  17  0:55  Hatchery  
  17  0:56  Drone  
  17  1:01  Drone  
  18  1:07  Extractor  
  17  1:16  Spawning Pool  
  17  1:17  Drone  
  17  1:34  Drone x2  
  19  1:40  Overlord  
  19  1:57  Drone  
  20  2:04  Zergling x2  
  20  2:07  Queen  
  20  2:08  Queen  
  23  2:09  Zergling x2  
  26  2:27  Drone x2  
  26  2:28  Drone  
  29  2:31  Metabolic Boost  
  29  2:53  Queen  
  29  2:54  Queen  
  29  2:56  Drone x3  
  36  2:59  Overlord  
  36  3:15  Overlord x2  
  36  3:18  Spore Crawler  
  35  3:21  Drone x2, Extractor  
  35  3:22  Drone, Baneling Nest  
  36  3:42  Queen  
  36  3:44  Drone x4  
  36  3:47  Zergling x6  
  45  4:06  Baneling x4  
  45  4:12  Drone x2  
  45  4:13  Drone  
  48  4:24  Zergling x12  
  41  4:42  Baneling x3  
  41  4:43  Baneling x3  
  30  4:46  Spine Crawler  
  30  4:47  Spine Crawler, Zergling x8  
  30  4:48  Spine Crawler  
  28  5:05  Drone x3  
  29  5:20  Drone x4, Queen  
  37  5:37  Zergling x4  
  37  5:42  Baneling Nest  
  38  5:43  Drone x2  
  40  5:54  Zergling x8  
  43  6:03  Drone  
  43  6:04  Drone  
  45  6:14  Hatchery  
  44  6:19  Drone x3  
  44  6:21  Lair  
  47  6:30  Pneumatized Carapace  
  47  6:33  Overlord  
  47  6:46  Drone x6  
  53  6:48  Evolution Chamber  
  53  6:50  Evolution Chamber  
  53  6:51  Drone x2  
  43  7:01  Zergling x4  
  43  7:02  Zergling x4  
  47  7:18  Zerg Ground Armor Level 1  
  47  7:19  Zerg Melee Weapons Level 1  
  47  7:23  Drone x2  
  47  7:24  Drone x2  
  47  7:25  Drone x3  
  47  7:26  Queen  
  56  7:33  Overlord  
  56  7:39  Drone x3  
  56  7:40  Drone x4  
  56  7:43  Zergling x2  
  56  7:44  Zergling x4  
  66  7:47  Spore Crawler  
  65  8:10  Zergling x8  
  65  8:11  Zergling x8  
  73  8:13  Overlord x2  
  73  8:18  Spine Crawler  
  73  8:19  Drone x2, Spore Crawler  
  73  8:22  Overlord x3  
  73  8:28  Baneling x3  
  73  8:34  Zergling x2  
  73  8:35  Zergling x10  
  73  8:40  Centrifical Hooks  
  79  8:41  Infestation Pit  
  79  8:42  Drone  
  79  8:43  Extractor  
  78  8:49  Overseer  
  58  9:07  Drone  
  58  9:08  Drone x6  
  60  9:10  Zergling x10, Spine Crawler  
  63  9:20  Pathogen Glands  
  63  9:26  Baneling x2  
  63  9:27  Baneling  
  63  9:31  Drone x4, Extractor, Overlord  
  65  9:33  Extractor  
  63  9:50  Extractor  
  57  9:53  Zerg Melee Weapons Level 2, Zerg Missile Weapons Level 1  
  57  9:56  Zergling x18  
  57  9:57  Zergling x6  
  68  10:11  Drone x4  
  68  10:12  Drone  
  73  10:20  Baneling x4  
  60  10:43  Zergling x2  
  60  10:44  Zergling x16  
  60  10:47  Drone x2  
  60  10:49  Drone  
  72  11:00  Hatchery  
  71  11:04  Baneling x2  
  71  11:05  Baneling x2  
  71  11:08  Infestor x2  
  71  11:09  Infestor x3  
  81  11:16  Zergling x2  
  81  11:17  Zergling x14  
  89  11:25  Zergling x6  
  72  12:09  Zergling x22  
  82  12:18  Zergling x2  
  82  12:21  Zergling x2  
  82  12:22  Zergling x8  
  73  12:38  Roach Warren  
  69  12:46  Burrow  
  67  12:55  Zerg Missile Weapons Level 2, Zerg Ground Armor Level 2  
  67  12:57  Zergling x6  
  67  12:58  Zergling x18  
  67  13:07  Spine Crawler x3  
  67  13:10  Queen x2  
  67  13:11  Queen  
  68  13:12  Overseer  
  68  13:15  Neural Parasite  
  68  13:16  Infestor x2  
  68  13:17  Infestor x2  
  70  13:27  Zergling x2  
  70  13:28  Zergling x6  
  70  13:29  Infestor  
  70  13:41  Baneling x2  
  70  13:44  Drone  
  70  13:45  Drone x4  
  64  13:56  Drone x3  
  64  13:58  Swarm Host  
  64  13:59  Swarm Host x3  
  66  14:13  Zergling x2  
  66  14:14  Zergling x18  
  76  14:22  Queen  
  78  14:38  Baneling x2  
  78  14:39  Baneling x20  
  78  14:42  Zergling x2  
  78  14:43  Zergling x20  
  80  15:11  Baneling x5  
  75  15:33  Baneling x6  
  75  15:34  Baneling x2  
  73  15:41  Hatchery  
  66  15:50  Zergling x8  
  66  15:51  Zergling x24  
  82  16:10  Drone  
  85  16:11  Drone x7  
  90  16:27  Baneling x2  
  89  16:50  Extractor  
Show
View Real Time Build Order
Export as new Build Order

HydraX Zerg 

Build Orders: Hatch First 

Get SALT Encoding   

  12  0:02  Drone  
  13  0:13  Overlord  
  13  0:22  Drone  
  14  0:32  Drone  
  14  0:33  Drone  
  16  0:38  Drone  
  17  0:56  Hatchery  
  16  1:00  Drone  
  16  1:03  Extractor  
  16  1:04  Drone  
  17  1:19  Spawning Pool  
  17  1:23  Drone  
  17  1:26  Drone  
  17  1:29  Drone  
  19  1:40  Drone  
  20  1:51  Drone  
  21  1:56  Extractor  
  20  2:02  Drone  
  20  2:07  Queen  
  23  2:14  Zergling x2  
  23  2:15  Zergling x2  
  25  2:19  Metabolic Boost  
  25  2:22  Zergling x2  
  26  2:23  Zergling x2  
  26  2:29  Baneling Nest  
  26  2:32  Zergling x2  
  26  2:34  Drone  
  28  2:49  Overlord  
  28  2:57  Overlord  
  28  3:07  Zergling x2  
  28  3:09  Zergling x2  
  30  3:14  Zergling x2  
  30  3:18  Zergling x2  
  32  3:20  Zergling x2  
  32  3:23  Zergling x2  
  34  3:27  Zergling x2  
  34  3:31  Zergling x2  
  34  3:33  Zergling x2  
  37  3:36  Hatchery  
  37  3:37  Zergling x2  
  37  3:42  Zergling x2  
  37  3:44  Zergling x2  
  37  3:48  Zergling x2  
  40  3:53  Drone  
  40  3:55  Zergling x2  
  42  4:08  Zergling x2  
  42  4:09  Zergling x2  
  44  4:11  Overlord  
  43  4:33  Zergling x10  
  39  4:53  Zergling x6  
  34  5:06  Baneling  
  27  5:07  Baneling x12  
  28  5:21  Drone x2  
  29  5:40  Drone x3  
  25  6:15  Zergling x8  
  25  6:16  Zergling x2  
  25  6:17  Zergling x4  
  31  6:24  Drone  
  31  6:25  Drone x2  
  34  6:26  Drone x3  
  34  6:28  Drone  
  37  7:09  Drone x5  
  37  7:13  Drone x3  
  37  7:14  Roach Warren, Queen  
  46  7:16  Drone x3  
  49  7:28  Lair  
  44  7:59  Roach x5  
  44  8:00  Roach  
  44  8:01  Roach  
  57  8:27  Glial Reconstitution  
  57  8:30  Overlord x3  
  57  8:58  Zergling x10  
  57  8:59  Zergling x6  
  57  9:00  Zergling x4  
  35  10:22  Queen  
  35  10:25  Roach x4  
  40  10:49  Roach x2  
  43  10:50  Roach x3  
  43  10:53  Drone x2  
  43  10:54  Drone x2  
  53  11:25  Roach x4  
  61  11:26  Roach  
  61  11:29  Roach x5  
  73  11:52  Roach  
  73  11:53  Roach  
  75  11:54  Overlord x2, Roach  
  71  12:24  Roach x5  
  75  12:56  Roach x3  
  75  12:57  Roach x3  
  75  12:58  Roach x4  
  53  14:11  Roach x3  
  53  14:13  Roach x2  
  53  14:14  Roach  
  51  14:19  Queen  
  51  14:20  Queen  
  53  14:41  Ravager x5  
  53  14:42  Ravager x2  
  60  14:51  Roach x4  
  60  14:52  Roach x2  
  72  14:53  Roach x6  
  84  15:18  Roach x3  
  90  15:22  Drone  
  59  15:51  Roach x2  
  50  16:30  Roach x2  
Show
View Real Time Build Order
Export as new Build Order

WinkyFace Terran 

Build Orders:  

Get SALT Encoding   

  12  0:01  SCV  
  13  0:18  Supply Depot  
  13  0:27  SCV  
  14  0:39  SCV  
  14  0:41  Barracks  
  15  0:45  Refinery  
  15  0:51  SCV  
  16  1:03  SCV  
  17  1:12  Supply Depot  
  17  1:16  SCV  
  18  1:31  Reaper  
  19  1:33  SCV  
  20  1:45  SCV  
  21  2:07  Barracks Reactor  
  21  2:08  Engineering Bay  
  21  2:09  Command Center  
  21  2:13  Refinery  
  21  2:30  Barracks  
  21  2:38  SCV  
  22  2:51  SCV  
  23  3:03  SCV  
  24  3:22  Barracks Reactor  
  24  3:25  Barracks Tech Lab  
  24  3:28  Missile Turret  
  24  3:33  Orbital Command  
  24  3:35  Factory  
  24  3:39  Barracks, Supply Depot  
  24  3:42  Planetary Fortress  
  24  3:48  Marauder  
  26  3:57  Marine x2  
  28  4:09  Terran Infantry Weapons Level 1  
  28  4:11  Marauder  
  30  4:23  Factory Tech Lab  
  30  4:24  Marine x2  
  30  4:25  SCV  
  30  4:29  SCV  
  34  4:33  Marauder  
  36  4:39  Marine  
  36  4:41  Marine, SCV  
  36  4:42  Marine  
  40  4:53  SCV  
  40  4:56  Marauder, Siege Tank  
  46  5:02  Refinery  
  46  5:05  SCV  
  47  5:08  Refinery  
  47  5:11  Marine x2  
  49  5:15  Marine  
  49  5:17  SCV  
  51  5:29  SCV  
  43  5:58  Marine x2  
  43  5:59  Marine x2  
  47  6:07  SCV  
  48  6:11  Siege Tank  
  48  6:16  Marine x3  
  48  6:17  Marine  
  52  6:34  Marine x2  
  54  6:43  Terran Infantry Armor Level 1  
  54  6:48  Supply Depot  
  54  6:50  Marine, Siege Tank, SCV  
  54  6:51  Marauder  
  54  6:52  Marine  
  62  6:56  Marine, Supply Depot x2  
  59  7:02  SCV  
  59  7:08  Marine  
  61  7:12  Marauder  
  63  7:16  Marine x2  
  63  7:20  SCV  
  69  7:22  Siege Tank  
  69  7:32  SCV  
  69  7:33  Marauder  
  72  7:44  Marine x3  
  75  7:54  Marine  
  75  7:55  Widow Mine  
  75  7:58  Command Center  
  78  8:01  Marine x2  
  78  8:02  Marine  
  81  8:12  Marine  
  79  8:16  Widow Mine  
  79  8:19  Marine x3  
  67  8:30  Marine  
  68  8:37  Marine x3  
  68  8:39  Siege Tank  
  74  8:48  Marine  
  70  8:59  Marine x2  
  70  9:00  Marine  
  71  9:06  Marauder  
  71  9:09  Missile Turret  
  73  9:11  Siege Tank  
  73  9:16  SCV  
  77  9:17  Marine x2  
  79  9:27  Marauder  
  79  9:28  SCV  
  79  9:29  Missile Turret  
  82  9:37  Barracks  
  82  9:39  Barracks  
  82  9:49  Marauder, Missile Turret  
  83  9:59  Marine x3  
  86  10:10  Marauder  
  84  10:17  Marine x3  
  84  10:28  Missile Turret  
  84  10:31  Marine  
  84  10:34  Marine  
  84  10:35  Marine x2  
  76  10:49  Marine  
  77  10:50  Siege Tank  
  77  10:52  Marine x2  
  77  10:53  Marine  
  83  11:07  Marine  
  83  11:08  Missile Turret  
  83  11:10  Marine x3  
  87  11:22  Siege Tank  
  87  11:24  Marine  
  91  11:28  Marine x3  
  76  11:42  Marine  
  76  11:46  Marine x3  
  61  11:55  Widow Mine  
  61  12:00  Marine  
  64  12:03  Marine  
  64  12:04  Marine x2  
  64  12:07  Planetary Fortress  
  64  12:16  Siege Tank  
  64  12:18  Marauder  
  64  12:21  Marine x2  
  64  12:22  Marine  
  68  12:39  Marine x3  
  68  12:40  Marauder  
  59  12:57  Marine x3  
  62  13:01  Marine  
  63  13:15  Marine x3  
  63  13:18  Marine  
  61  13:32  Marine  
  61  13:33  Marine x2  
  56  13:36  Marine  
  52  13:49  Siege Tank  
  52  13:50  Marine x2  
  52  13:51  Marine  
  52  13:54  Marine  
  58  14:08  Marine x3  
  55  14:12  Marine  
  56  14:20  SCV  
  56  14:21  Widow Mine  
  59  14:26  Marine x3  
  59  14:30  Marine  
  63  14:32  SCV  
  64  14:42  Widow Mine  
  64  14:44  Marine x3  
  69  15:04  Widow Mine  
  48  15:25  Widow Mine  
  45  15:34  Marine  
  45  15:35  Marine x3  
  44  15:44  Supply Depot  
  44  15:46  Cyclone  
  47  15:52  Marine x2  
  47  15:53  Marine x2  
  51  16:07  Supply Depot  
  51  16:08  Supply Depot  
  51  16:09  Refinery  
  51  16:10  Marine x3, Refinery  
  54  16:11  Marauder  
  54  16:28  Marine x3  
Tags
 
Add a new tag
Caveats
  • Supply blocks, unpowered buildings, or Contaminate may cause inaccurate times.
  • Supply counts are checked every 10 seconds.